 Dungeon Crawl Stone Soup version 0.23.2 (webtiles) character file.

Game seed: 15287054342905432568

140 Borgoz the Sneak (level 5, -3/45 HPs)
             Began as a Ghoul Assassin on Apr 4, 2019.
             Slain by Crazy Yiuf
             ... wielding a +3 quarterstaff of chaos
              (17 damage)
             ... on level 2 of the Dungeon.
             The game lasted 00:04:07 (1980 turns).

Borgoz the Sneak (Ghoul Assassin)                   Turns: 1980, Time: 00:04:08

Health: -3/45      AC:  4    Str: 14 (15) XL:     5   Next: 22%
Magic:  0/4        EV: 12    Int:  3 (6)  God:
Gold:   91         SH:  0    Dex:  9 (11) Spells: 4/4 levels left

rFire    . . .     SeeInvis .   b - +0 blowgun
rCold    + + .     Gourm    .   (no shield)
rNeg     + + +     Faith    .   c - +0 robe
rPois    ∞         Spirit   .   l - +0 helmet
rElec    .         Reflect  .   d - +0 cloak
rCorr    .         Harm     .   (no gloves)
MR       .....                  (no boots)
Stlth    +++.......             (no amulet)
HPRegen  0.00/turn              n - ring of protection from cold
MPRegen  0.09/turn              (no ring)

@: rotting
A: rotting body, claws 1, carnivore, cold resistance 1, negative energy
resistance 3, inhibited regeneration, torment resistance, unbreathing
a: no special abilities


You were on level 2 of the Dungeon.
You were not hungry.

You visited 1 branch of the dungeon, and saw 2 of its levels.

You collected 91 gold pieces.

Inventory:

Hand Weapons
 a - a +2 dagger
 b - a +0 blowgun (weapon)
Missiles
 e - 5 poisoned needles (quivered)
 f - 2 curare-tipped needles
Armour
 c - a +0 robe (worn)
 d - a +0 cloak (worn)
 l - a +0 helmet (worn)
Jewellery
 n - a ring of protection from cold (left claw)
Wands
 p - a wand of random effects (6)
Scrolls
 i - a scroll of identify
 j - a scroll of amnesia
 m - 2 scrolls of teleportation
 q - a scroll of remove curse {unknown}
Potions
 o - a potion of cancellation
Comestibles
 g - 7 rations


   Skills:
 + Level 3.0 Fighting
 * Level 2.9 Short Blades
 - Level 1.7 Throwing
 - Level 2.0 Armour
 + Level 1.7 Dodging
 + Level 5.0 Stealth


You had 4 spell levels left.
You didn't know any spells.
Your spell library contained the following spells:

 Spells                   Type           Power        Failure   Level  Hunger
 Animate Skeleton         Necr           N/A          52%         1    ##.....
 Apportation              Tloc           #.....       52%         1    ##.....
 Confusing Touch          Hex            #.....       52%         1    ##.....
 Summon Small Mammal      Summ           #...         52%         1    ##.....


Dungeon Overview and Level Annotations

Branches:
Dungeon (2/15)

Altars:
Makhleb
Qazlal
Wu Jian

Annotations:
D:2 Crazy Yiuf


Innate Abilities, Weirdness & Mutations

Your body is rotting away.
You thrive on raw meat.
You are immune to poison.
You have sharp fingernails.
You are carnivorous and can eat meat at any time.
Your flesh is cold resistant. (rC+)
You are immune to negative energy. (rN+++)
You do not regenerate when monsters are visible.
You are immune to unholy pain and torment.
You can survive without breathing.


Message History

Firing (i - inventory. (/) - cycle)
e - 8 poisoned needles (quivered)
Press: ? - help, Shift-Dir - straight line, f - Crazy Yiuf
Aim: Crazy Yiuf, wielding a +3 quarterstaff of chaos and wearing a +0 cloak You shoot a poisoned needle.
The poisoned needle barely misses Crazy Yiuf.
Crazy Yiuf barely misses you.
Firing (i - inventory. (/) - cycle)
e - 7 poisoned needles (quivered)
Press: ? - help, Shift-Dir - straight line, f/p - Crazy Yiuf
Aim: Crazy Yiuf, wielding a +3 quarterstaff of chaos and wearing a +0 cloak You shoot a poisoned needle.
The poisoned needle hits Crazy Yiuf.
Crazy Yiuf is poisoned.
Crazy Yiuf drinks a potion.
Crazy Yiuf looks more healthy.
Firing (i - inventory. (/) - cycle)
e - 6 poisoned needles (quivered)
Press: ? - help, Shift-Dir - straight line, f/p - Crazy Yiuf
Aim: Crazy Yiuf, wielding a +3 quarterstaff of chaos and wearing a +0 cloak You shoot a poisoned needle.
The poisoned needle hits Crazy Yiuf.
Crazy Yiuf says, "Liver!
Seed chair cower."
Crazy Yiuf hits you with a +3 quarterstaff of chaos!
You are electrocuted!
You die...

########......#.#.#.
#...........# #####
###.##.###.## #).)#
#..........# #.))#
###.##.###.# *)).*
###.##.# #.# *#'#*
#......###.## #g##
###.[......<. ##@#
#..#####.## #.##
#...# #.# ##.# ##..#
##.## ##.## #..#
#.... ##.P.# #..#
#...# #P...#
#..###.#.# #+..+#
#......... #....#
##.###.#.# #....#
#.###.#.#


You could see Crazy Yiuf.

Vanquished Creatures
  A hound (D:2)
  An orc priest (D:2)
  4 adders (D:2)
  3 dart slugs
  A leopard gecko (D:2)
  2 orcs (D:2)
  3 giant cockroaches
  3 goblins
  4 hobgoblins
  2 jackals (D:1)
  3 kobolds (D:2)
  2 ball pythons (D:2)
  A bat (D:2)
  7 rats
37 creatures vanquished.

Notes
Turn   | Place    | Note
-------+----------+-------------------------------------------
     0 | D:1      | Borgoz the Ghoul Assassin began the quest for the Orb.
     0 | D:1      | Reached XP level 1. HP: 17/17 MP: 0/0
    51 | D:1      | Reached skill level 1 in Dodging
   360 | D:1      | Reached XP level 2. HP: 23/24 MP: 1/1
   622 | D:1      | Reached skill level 1 in Armour
   954 | D:2      | Reached XP level 3. HP: 12/30 MP: 2/2
  1129 | D:2      | Reached XP level 4. HP: 15/36 MP: 3/3
  1280 | D:2      | Found a burning altar of Makhleb.
  1390 | D:2      | Found an ornate altar of the Wu Jian Council.
  1420 | D:2      | Reached XP level 5. HP: 32/44 MP: 4/4
  1566 | D:2      | Found a stormy altar of Qazlal.
  1642 | D:2      | Reached skill level 5 in Stealth
  1966 | D:2      | Found a runed translucent door.
  1967 | D:2      | Noticed Crazy Yiuf
  1980 | D:2      | Slain by Crazy Yiuf

Skill      XL: |  1  2  3  4  5 |
---------------+----------------+-----
Dodging        | 1 |  1.7
Short Blades   | 2 |  2.9
Armour         | 1 2 |  2.0
Stealth        | 5 |  5.0
Fighting       | 3 |  3.0
Throwing       | |  1.7

Action                   |  1- 3 |  4- 6 || total
-------------------------+-------+-------++-------
Melee: Dagger            |    93 |    71 ||   164
 Fire: Blowgun           |       |     3 ||     3
  Use: Scroll            |     4 |       ||     4
       Potion            |       |     3 ||     3
 Stab: Sleeping          |     3 |     2 ||     5
  Eat: Chunk             |     2 |     7 ||     9
Armor: Robe              |    17 |     5 ||    22
Dodge: Dodged            |    51 |    44 ||    95
